 Dungeon Crawl Stone Soup version 0.29-a0-824-gd827844252 (webtiles) character file.

Game seed: 6735058373464216544

733 Malachi the Cudgeller (level 7, -1/38 HPs)
             Began as a Gargoyle Fighter on July 9, 2022.
             Was a Priest of Hepliaklqana.
             Slain by an iguana (5 damage)
             ... on level 5 of the Dungeon.
             The game lasted 00:04:53 (3875 turns).

Malachi the Cudgeller (Gargoyle Fighter)            Turns: 3875, Time: 00:04:53

Health: -1/38      AC: 16    Str: 21    XL:     7   Next: 74%
Magic:  6/7        EV:  7    Int:  9    God:    Hepliaklqana [***...]
Gold:   207        SH:  4    Dex:  9    Spells: 6/6 levels left

rFire   . . .      SeeInvis .   a - +0 flail
rCold   . . .      Faith    .   c - +0 buckler
rNeg    + . .      Spirit   .   x - +0 chain mail
rPois   ∞          Reflect  .   (no helmet)
rElec   +          Harm     .   q - +0 cloak
rCorr   .          Rampage  .   p - +0 pair of gloves
Will    .....                   (no boots)
Stlth   ..........              (no amulet)
HPRegen 0.12/turn               (no ring)
MPRegen 0.10/turn               (no ring)

@: no status effects
A: reduced essence, sickness immunity, AC +4, negative energy resistance 1,
electricity resistance, torment resistance 1, petrification resistance
a: Renounce Religion, Recall Ancestor, Ancestor Identity, Transference


You were on level 5 of the Dungeon.
You worshipped Hepliaklqana.
Hepliaklqana was most pleased with you.
You visited 1 branch of the dungeon, and saw 5 of its levels.

You collected 207 gold pieces.

Inventory:

Hand Weapons
 a - a +0 flail (weapon)
Armour
 c - a +0 buckler (worn)
 p - a +0 pair of gloves (worn)
 q - a +0 cloak (worn)
 x - a +0 chain mail (worn)
Jewellery
 k - a ring of fire
Scrolls
 f - 3 scrolls of teleportation
 h - 2 scrolls of blinking
 i - a scroll of fog
 l - 2 scrolls of amnesia
 m - a scroll of immolation
 o - a scroll of magic mapping
 s - 3 scrolls of enchant armour
Potions
 b - a potion of heal wounds {unknown}
 d - a potion of might
 e - 2 potions of resistance {unknown}
 j - a potion of haste {unknown}
 n - a potion of mutation {unknown}
 r - a potion of curing {unknown}
 t - a potion of lignification {unknown}
 u - a potion of brilliance {unknown}
 w - a potion of degeneration {unknown}


   Skills:
 - Level 4.0 Fighting
 * Level 7.4 Maces & Flails
 - Level 4.3 Armour
 - Level 0.9 Dodging
 - Level 0.1 Stealth
 - Level 3.8 Shields


You had 6 spell levels left.
You didn't know any spells.
Your spell library contained the following spells:

 Spells                   Type           Power      Damage    Failure   Level
 Apportation              Tloc           0%         N/A       99%         1
 Ensorcelled Hibernation  Hex/Ice        0%         N/A       100%        2
 Poisonous Vapours        Pois/Air       0%         N/A       100%        2
 Scorch                   Fire           0%         2d5       100%        2
 Spider Form              Tmut/Pois      0%         N/A       100%        3
 Anguish                  Hex/Necr       0%         N/A       100%        4
 Corpse Rot               Necr/Pois/Air  0%         N/A       100%        4
 Flame Wave               Conj/Fire      0%         2d4       100%        4
 Summon Ice Beast         Ice/Summ       0%         N/A       100%        4
 Alistair's Intoxication  Tmut/Pois      0%         N/A       100%        5
 Summon Mana Viper        Hex/Summ       0%         N/A       100%        5
 Summon Cactus Giant      Summ           0%         N/A       100%        6
 Monstrous Menagerie      Summ           0%         N/A       100%        7


Dungeon Overview and Level Annotations

Branches:
Dungeon (5/15)
 Temple: D:4-7

Altars:
Hepliaklqana
Xom


Innate Abilities, Weirdness & Mutations

Your life essence is reduced to manifest your ancestor. (-10% HP)
You are immune to sickness and miasma.
Your stone body is resilient. (AC +4)
You are immune to poison.
You resist negative energy. (rN+)
You are resistant to electric shocks. (rElec)
You are resistant to unholy torment.
You are immune to petrification.


Message History

The puff of frost hits the gnoll!
Unknown command.
You hit the gnoll.
The gnoll is severely wounded.
The gnoll hits you but does no damage.
The gnoll sergeant hits you from afar with a +0 spear!
You block the iguana's attack.
Eadwine casts a spell at the gnoll sergeant.
The puff of frost misses the gnoll.
The puff of frost hits the gnoll sergeant!
You barely miss the gnoll.
The gnoll is severely wounded.
The gnoll hits you with a +0 whip. The iguana barely misses you.
You block the gnoll sergeant's attack.
Eadwine barely misses the gnoll.
Unknown command.
You are too injured to fight recklessly!
Unknown command.
You are too injured to fight recklessly!
Unknown command.
You are too injured to fight recklessly!
Unknown command.
You are too injured to fight recklessly!
You hit the gnoll.
You kill the gnoll!
The iguana closely misses you.
The gnoll sergeant hits you from afar with a +0 spear.
You swap places.
A jelly comes into view.
The jelly quivers.
A black bear comes into view.
The iguana bites you!
* * * LOW HITPOINT WARNING * * *
An iguana comes into view.
Eadwine casts a spell at the gnoll sergeant.
The puff of frost hits the gnoll sergeant.
Items here: ))) †.
You swap places.
The iguana attacks as you move away!
The iguana bites you but does no damage.
The iguana bites you.
You die...

....... ♣...
....... ....
......# .....
.....+ ..... .
#...# .....#
..###...##g....#
........glg..J.h
.......lR#
........@#
.......†.#
......†.##
.........#
#########.#
##..###...##
#..........#
#........<.#
#..........#


You could see the friendly Eadwine the battlemage, a gnoll sergeant (distracted,
ally target), 2 iguanas and a gnoll.

Vanquished Creatures
  A scorpion (D:5)
  Jessica (D:3)
  3 iguanas
  3 gnolls
  A worm (D:2)
  A dart slug (D:3)
  An orc (D:4)
  8 ball pythons
  A bat (D:3)
  2 endoplasms
  3 giant cockroaches
  9 goblins
  2 hobgoblins
  2 kobolds
  A quokka (D:1)
  2 frilled lizards
  2 rats
43 creatures vanquished.

Vanquished Creatures (collateral kills)
  The ghost of DungeonMaster the Magician, an amateur DsHW (D:4)
  An ogre (D:3)
  A necrophage (D:5)
  An orc priest (D:4)
  A jelly (D:4)
  3 gnolls
  4 adders
  A dart slug (D:4)
  An orc (D:4)
  A bat (D:3)
  2 endoplasms
  4 giant cockroaches
  4 goblins (D:3)
  5 hobgoblins
  5 kobolds
  5 quokkas
  3 ball pythons
  A frilled lizard (D:1)
44 creatures vanquished.

Vanquished Creatures (others)
  An ancestor (D:2)
1 creature vanquished.

Grand Total: 88 creatures vanquished

Notes
Turn   | Place    | Note
-------+----------+-------------------------------------------
     0 | D:1      | Malachi the Gargoyle Fighter began the quest for the Orb.
     0 | D:1      | Reached XP level 1. HP: 14/14 MP: 1/1
   263 | D:1      | Found a faded altar of an unknown god.
   270 | D:1      | Prayed at the altar of an unknown god.
   270 | D:1      | Became a worshipper of Hepliaklqana the Forgotten
   270 | D:1      | Reached * piety under Hepliaklqana
   366 | D:1      | Reached XP level 2. HP: 11/17 MP: 2/2
  1125 | D:2      | Reached ** piety under Hepliaklqana
  1126 | D:2      | Remembered your ancestor Eadwine as a battlemage
  1323 | D:2      | Reached XP level 3. HP: 21/21 MP: 3/3
  2226 | D:3      | Reached XP level 4. HP: 26/26 MP: 4/4
  2493 | D:3      | Noticed an ogre
  2506 | D:3      | Killed an ogre
  2507 | D:3      | Reached skill level 3 in Maces & Flails
  2507 | D:3      | Reached XP level 5. HP: 14/29 MP: 5/5
  2819 | D:3      | Noticed Jessica
  2823 | D:3      | Killed Jessica
  2933 | D:4      | Reached skill level 4 in Maces & Flails
  2937 | D:4      | Noticed DungeonMaster's ghost (amateur DsHW)
  3038 | D:4      | Reached *** piety under Hepliaklqana
  3045 | D:4      | Found a transporter.
  3051 | D:4      | Found a transporter.
  3060 | D:4      | Reached XP level 6. HP: 34/34 MP: 6/6
  3095 | D:4      | Killed DungeonMaster's ghost
  3096 | D:4      | Reached skill level 6 in Maces & Flails
  3096 | D:4      | Reached XP level 7. HP: 31/38 MP: 7/7
  3488 | D:4      | Found a shimmering altar of Xom.
  3795 | D:5      | Entered Level 5 of the Dungeon
  3820 | D:5      | Reached skill level 7 in Maces & Flails
  3875 | D:5      | Slain by an iguana

Illustrated notes

Levels and vault maps discovered:
D:1:      elethiomel_arrival_quiet, layout_loops_cross, basic_ecumenical_altar
D:2:      layout_loops_corners
D:3:      layout_loops_corners, minmay_ogre_servants, uniq_jessica
D:4:      kennysheep_spiral_hall, layout_loops_ring, xom_teletrap_fun,
          gammafunk_ghost_arena, kennysheep_path_1, kennysheep_generic_room_15
D:5:      layout_gridville, minmay_temple_entry_trees,
          corexii_item_surrounded_by_moat, uniq_ijyb

Skill      XL: |  1  2  3  4  5  6  7 |
---------------+----------------------+-----
Fighting       | 4 |  4.0
Maces & Flails | 3 4 6 7 |  7.4
Armour         | 4 |  4.3
Dodging        | |  0.9
Stealth        | |  0.1
Shields        | |  3.8

Action                   |  1- 3 |  4- 6 |  7- 9 || total
-------------------------+-------+-------+-------++-------
Melee: Flail             |    64 |    51 |    38 ||   153
Invok: Ancestor Life: Ba |     1 |       |       ||     1
       Recall Ancestor   |       |       |     1 ||     1
  Use: Scroll            |       |       |     8 ||     8
Armor: Scale mail        |    23 |    19 |    10 ||    52
       Chain mail        |       |       |     9 ||     9
Dodge: Dodged            |    33 |    23 |    18 ||    74
Block: Buckler           |    11 |    11 |     9 ||    31

Table legend: (Time is in decaauts)
 A = Elapsed time spent in this place.
 B = Non-inter-level travel time spent in this place.
 C = Inter-level travel time spent in this place.
 D = Time resting spent in this place.
 E = Time spent auto-exploring this place.
 F = Levels seen in this place.
 G = Mean time per level.
                   A        B        C        D        E       F      G
               +--------+--------+--------+--------+--------+-----+--------+
         Total |   3912 |   3763 |    149 |    154 |   3079 |   5 |  782.4 |
       Dungeon |   3912 |   3763 |    149 |    154 |   3079 |   5 |  782.4 |
               +--------+--------+--------+--------+--------+-----+--------+

Top non-repeatable levels by time:
     D:3: 1059 daAuts
     D:1: 955 daAuts
     D:2: 937 daAuts
     D:4: 878 daAuts
     D:5: 81 daAuts
